 Dungeon Crawl Stone Soup version 0.18-a0-1773-gec4f98e (webtiles) character file.

278 epen the Slasher (level 6, -3/52 HPs)
             Began as a Naga Gladiator on Apr 14, 2016.
             Slain by an iguana (9 damage)
             ... on level 4 of the Dungeon.
             The game lasted 00:13:37 (4277 turns).

epen the Slasher (Naga Gladiator)                   Turns: 4277, Time: 00:13:37

Health: -3/52      AC:  6    Str: 25    XL:     6   Next: 26%
Magic:  6/6        EV:  7    Int:  9    God:
Gold:   121        SH:  8    Dex: 11    Spells: 0 memorised, 5 levels left

rFire  . . .     SeeInvis +     w - +1 dagger (flame)
rCold  . . .     Gourm    .     g - +0 ring mail
rNeg   . . .     Faith    .     u - +0 shield
rPois  +         Spirit   .     c - +0 helmet
rElec  .         Dismiss  .     l - +0 cloak
rCorr  .         Reflect  .     (no gloves)
SustAt +         Harm     .     (no barding)
MR     .....                    (no amulet)
Stlth  ++........               y - ring of sustain attributes
                                o - +6 ring of strength

@: lethally poisoned (-3 -> -13), hasted, quick, not resistant to hostile
enchantments, unstealthy
A: see invisible, deformed body, poison resistance, slowness 2, slow metabolism
1, spit poison 2, AC +2
a: Spit Poison


You were on level 4 of the Dungeon.
You were hungry.

You visited 1 branch of the dungeon, and saw 4 of its levels.

You collected 121 gold pieces.

Inventory:

Hand Weapons
 a - a +0 long sword
 w - a +1 dagger of flaming (weapon)
Missiles
 d - 3 throwing nets (quivered)
Armour
 b - a +0 leather armour
 c - a +0 helmet (worn)
 g - a +0 ring mail (worn)
 l - a +0 cloak (worn)
 t - a +0 chain mail
 u - a +0 shield (worn)
Jewellery
 o - a +6 ring of strength (left hand)
 y - a ring of sustain attributes (right hand)
Wands
 x - a wand of iceblast (15/15)
Scrolls
 e - a scroll of identify
 h - a scroll of fog {unknown}
 k - a scroll of teleportation {unknown}
Potions
 m - a potion of magic
 n - a potion of cancellation
 p - 3 potions of might
 v - a potion of invisibility
 z - a potion of lignification {unknown}
Comestibles
 f - 7 bread rations
 i - 2 beef jerkies
 j - 2 fruits
 A - 4 meat rations


   Skills:
 - Level 2.0 Fighting
 * Level 5.1 Long Blades
 - Level 1.7 Throwing
 * Level 3.7 Dodging
 + Level 3.4 Stealth
 + Level 1.0 Shields


You had 5 spell levels left.
You didn't know any spells.

Dungeon Overview and Level Annotations

Branches:
Dungeon (4/15)
 Temple: D:4-7

Altars:
Gozag
Kikubaaqudgha
Nemelex Xobeh
Ru
Vehumet
Zin


Innate Abilities, Weirdness & Mutations

You cannot wear boots.
Your serpentine skin is tough (AC +2).
You have supernaturally acute eyesight.
Armour fits poorly on your strangely shaped body.
Your system is resistant to poisons.
You cover ground very slowly.
You have a slow metabolism.
You can spit poison.


Message History

The worker ant is severely wounded.
You feel sick. The worker ant bites you. The iguana barely misses you.
You hit the worker ant but do no damage.
The worker ant is severely wounded.
You block the worker ant's attack. The iguana barely misses you.
You block the worker ant's attack.
You hit the worker ant but do no damage.
The worker ant is severely wounded.
You feel sick. The iguana bites you!
* * * LOW HITPOINT WARNING * * *
The worker ant bites you.
* * * LOW HITPOINT WARNING * * *
You are lethally poisoned!
The worker ant poisons you!
Drink which item? (? for menu, Esc to quit)
It was a potion of haste.
You feel yourself speed up.
You are feeling hungry.
* * * LOW HITPOINT WARNING * * *
You feel sick. The iguana bites you!
You die...

........#............
.....................
.........#...........
................###..
.........#......####. .
########.............
... #.....†...†......#
.....#.......)†##......#
......a@............#...
...#%#..l.)....##.......
# #..................
#.........###......
#..........# ...###
.$........... ....
.#...........#
.......######


You could see an iguana and a worker ant.

Vanquished Creatures
  An ogre (D:4)
  An orc priest (D:3)
  An orc wizard (D:3)
  A worker ant (D:4)
  4 adders (D:2)
  2 giant geckos
  2 orcs (D:3)
  A ball python (D:1)
  10 bats
  6 giant cockroaches
  6 goblins
  8 hobgoblins
  11 jackals
  8 kobolds
  A quokka (D:3)
  6 giant newts
  6 rats
75 creatures vanquished.

Notes
Turn   | Place    | Note
--------------------------------------------------------------
     0 | D:1      | epen the Naga Gladiator began the quest for the Orb.
     0 | D:1      | Reached XP level 1. HP: 19/19 MP: 1/1
    94 | D:1      | Reached XP level 2. HP: 2/26 MP: 2/2
  1084 | D:1      | Reached XP level 3. HP: 25/32 MP: 3/3
  1806 | D:2      | Found a radiant altar of Vehumet.
  2025 | D:2      | Reached skill level 4 in Long Blades
  2025 | D:2      | Reached skill level 1 in Stealth
  2025 | D:2      | Reached XP level 4. HP: 29/39 MP: 4/4
  2206 | D:2      | Found a sacrificial altar of Ru.
  2393 | D:2      | Found an opulent altar of Gozag.
  2396 | D:2      | Found a glowing silver altar of Zin.
  2777 | D:3      | Found a sparkling altar of Nemelex Xobeh.
  2842 | D:3      | Found an ancient bone altar of Kikubaaqudgha.
  3416 | D:3      | Reached XP level 5. HP: 9/45 MP: 5/5
  4052 | D:3      | Found a radiant altar of Vehumet.
  4131 | D:4      | Noticed an ogre
  4144 | D:4      | Killed an ogre
  4144 | D:4      | Reached skill level 5 in Long Blades
  4144 | D:4      | Reached skill level 1 in Shields
  4144 | D:4      | Reached XP level 6. HP: 52/52 MP: 6/6
  4277 | D:4      | Slain by an iguana

Vault maps used:
D:1:      roderic_octagonal_star
D:2:      gammafunk_temple_overflow_forgotten, lemuel_statue_altar
D:3:      nicolae_overflow_hidden_temple, lemuel_crystal_altar,
          nicolae_overflow_crystal_walls, first_bread, supply_closet_lemuel
D:4:      serial_shops, kennysheep_little_box

Skill      XL: |  1  2  3  4  5 |
---------------+----------------+-----
Dodging        | 3 |  3.7
Long Blades    | 4 5 |  5.1
Stealth        | 1 2 3 |  3.4
Shields        | 1 |  1.0
Fighting       | |  2.0
Throwing       | |  1.7

Action                   |  1- 3 |  4- 6 || total
-------------------------+-------+-------++-------
Melee: Long sword        |   125 |    74 ||   199
       Dagger            |       |   118 ||   118
 Abil: Spit Poison       |     6 |     9 ||    15
  Use: Potion            |       |     3 ||     3
       Scroll            |       |     7 ||     7
  Eat: Chunk             |     2 |     5 ||     7
       Royal jelly       |       |     1 ||     1
Armor: Leather armour    |    18 |       ||    18
       Ring mail         |    67 |   103 ||   170
Dodge: Dodged            |   114 |    87 ||   201
Block: Shield            |       |    47 ||    47
